 Dungeon Crawl Stone Soup version 0.29-a0-817-g9904bce7a6 (webtiles) character file.

Game seed: 15397931511743228818

385 gobodom the Conjurer (level 6, 0/34 HPs)
             Began as a Gargoyle Conjurer on July 6, 2022.
             Slain by Pikel
             ... wielding a +1 whip of flaming
              (4 damage)
             ... on level 4 of the Dungeon.
             The game lasted 00:13:06 (4256 turns).

gobodom the Conjurer (Gargoyle Conjurer)            Turns: 4256, Time: 00:13:06

Health: 0/34       AC: 11    Str:  6    XL:     6   Next: 77%
Magic:  2/11       EV: 12    Int: 21    God:
Gold:   228        SH:  0    Dex:  8    Spells: 9/12 levels left

rFire   + + .      SeeInvis .   t - +4 flail "Onlas" {drain, rPois rF++ rC+ Str-4}
rCold   + . .      Faith    .   (no shield)
rNeg    + . .      Spirit   .   a - +0 robe
rPois   ∞          Reflect  .   m - +0 helmet
rElec   +          Harm     .   (no cloak)
rCorr   +          Rampage  +   e - +0 pair of gloves
Will    +....                   u - +2 pair of boots {rampage}
Stlth   ++........              (no amulet)
HPRegen 0.11/turn               j - ring of willpower
MPRegen 0.12/turn               v - ring of resist corrosion

@: no status effects
A: sickness immunity, AC +4, negative energy resistance 1, electricity
resistance, torment resistance 1, petrification resistance
a: no special abilities


You were on level 4 of the Dungeon.
You visited 1 branch of the dungeon, and saw 4 of its levels.

You collected 228 gold pieces.

Inventory:

Hand Weapons
 i - a +3 mace of draining
 p - a +1 vampiric dagger
 t - the +4 flail "Onlas" (weapon) {drain, rPois rF++ rC+ Str-4}
   (You found it on level 3 of the Dungeon)

   A truly terrible weapon, it drains the life of any living foe it strikes.
   Str:       It affects your strength (-4).
   rF:        It greatly protects you from fire.
   rC:        It protects you from cold.
   rPois:     It protects you from poison.
 z - a +2 dagger of venom
Missiles
 k - 12 poisoned darts
Armour
 a - a +0 robe (worn)
 e - a +0 pair of gloves (worn)
 m - a +0 helmet (worn)
 u - a +2 pair of boots of rampaging (worn)
Magical Staves
 y - a staff of poison
Jewellery
 j - a ring of willpower (left hand)
 v - a ring of resist corrosion (right hand)
Scrolls
 c - a scroll of fog {unknown}
 h - 3 scrolls of identify {unknown}
 l - a scroll of noise {unknown}
 r - 2 scrolls of teleportation {unknown}
 s - 2 scrolls of vulnerability {unknown}
 w - a scroll of magic mapping {unknown}
Potions
 b - a potion of magic
 d - a potion of heal wounds {unknown}
 f - a potion of mutation {unknown}
 g - a potion of might {unknown}
 n - 2 potions of flight {unknown}
 o - 2 potions of curing {unknown}
 q - a potion of brilliance {unknown}
 x - a potion of haste


   Skills:
 + Level 1.0 Fighting
 + Level 1.8 Maces & Flails
 + Level 2.5 Dodging
 + Level 2.5 Stealth
 + Level 3.6 Spellcasting
 + Level 6.5 Conjurations


You had 9 spell levels left.
You knew the following spells:

 Your Spells              Type           Power      Damage    Failure   Level
a - Magic Dart            Conj           100%       1d8       1%          1
b - Searing Ray           Conj           62%        2d6       1%          2

Your spell library contained the following spells:

 Spells                   Type           Power      Damage    Failure   Level
 Dazzling Flash           Conj/Hex       34%        N/A       10%         3
 Ensorcelled Hibernation  Hex/Ice        6%         N/A       19%         2
 Fulminant Prism          Conj/Hex       8%         3d7       32%         4
 Iskenderun's Mystic Bla  Conj/Tloc      17%        2d5       32%         4
 Spider Form              Tmut/Pois      3%         N/A       36%         3
 Anguish                  Hex/Necr       1%         N/A       77%         4


Dungeon Overview and Level Annotations

Branches:
Dungeon (4/15)
 Temple: D:4-7

Altars:
Sif Muna
Vehumet
Yredelemnul

Annotations:
D:4 Pikel


Innate Abilities, Weirdness & Mutations

You are immune to sickness and miasma.
Your stone body is resilient. (AC +4)
You are immune to poison.
You resist negative energy. (rN+)
You are resistant to electric shocks. (rElec)
You are resistant to unholy torment.
You are immune to petrification.


Message History

Pikel, Merchant of Souls comes into view.
He is wielding a +1 whip of flaming.
Things that are here:
a +2 dagger of venom; 6 poisoned darts; a kobold corpse
z - a +2 dagger of venom;
k - 12 poisoned darts (gained 6) Pikel shouts!
Pikel says, "You'll make a fine lemure."
Aiming: Magic Dart (safe; 1% risk of failure)
Press: ? - help, Q - select action, (/) - cycle Shift-Dir - straight line, f - endoplasm
Aim: an endoplasm (100% to hit)
The magic dart hits the endoplasm.
The endoplasm is almost dead.
A lemure comes into view.
Pikel drinks a potion.
Pikel seems to speed up.
A lemure comes into view.
You don't have enough magic to cast this spell.
Unknown command.
Pikel waves his whip at you.
You hit Pikel. You drain Pikel.
Pikel is lightly wounded.
Pikel hits you with a +1 whip of flaming.
Pikel barely misses you.
You miss Pikel.
Pikel is lightly wounded.
Pikel hits you but does no damage.
Pikel cracks his whip.
Pikel closely misses you.
You barely miss Pikel.
Pikel is lightly wounded.
Pikel barely misses you.
Pikel hits you with a +1 whip of flaming.
* * * LOW HITPOINT WARNING * * *
You sock Pikel! You drain Pikel.
Pikel is heavily wounded.
Pikel hits you with a +1 whip of flaming.
* * * LOW HITPOINT WARNING * * *
Pikel hits you but does no damage.
You thump Pikel!
Pikel is severely wounded.
Pikel hits you with a +1 whip of flaming.
You die...

§.§≈≈.≈.#
§....J§.##
≈§≈≈≈≈≈..#
§§§§≈....#
§≈≈.§§≈..#
§§..§.§..##########
§≈≈≈§.§............
§§....≈.###K#######
≈§≈≈≈≈≈.# #@#
§§......# #.#
.####.### #.# #.
#.# #.#####.#
#.......#####.###
#######..........
#..########
###..###


You could see Pikel (fast, drained).

Vanquished Creatures
  Pargi (D:4)
  A lemure (D:4)
  An iguana (D:4)
  4 orc wizards
  4 gnolls (D:3)
  5 adders
  A worm (D:2)
  2 dart slugs (D:1)
  7 orcs
  4 bats
  8 endoplasms
  3 giant cockroaches
  5 goblins
  4 hobgoblins
  2 jackals (D:1)
  3 kobolds
  3 quokkas (D:1)
  2 ball pythons (D:2)
  14 frilled lizards
  3 rats
77 creatures vanquished.

Vanquished Creatures (others)
  5 plants (D:1)
5 creatures vanquished.

Grand Total: 82 creatures vanquished

Notes
Turn   | Place    | Note
-------+----------+-------------------------------------------
     0 | D:1      | gobodom the Gargoyle Conjurer began the quest for the Orb.
     0 | D:1      | Reached XP level 1. HP: 10/10 MP: 3/3
   308 | D:1      | Reached XP level 2. HP: 10/15 MP: 3/5
  1073 | D:1      | Reached skill level 5 in Conjurations
  1073 | D:1      | Reached XP level 3. HP: 7/19 MP: 0/6
  1387 | D:1      | Found a faded altar of an unknown god.
  1560 | D:1      | Learned a level 2 spell: Searing Ray
  2092 | D:2      | Reached XP level 4. HP: 21/24 MP: 1/7
  2623 | D:3      | Found a shimmering blue altar of Sif Muna.
  2776 | D:3      | Reached skill level 6 in Conjurations
  2776 | D:3      | Reached XP level 5. HP: 28/28 MP: 0/8
  3192 | D:3      | Identified the +4 flail "Onlas" {drain, rPois rF++ rC+
                  | Str-4}
  3956 | D:4      | Reached XP level 6. HP: 31/32 MP: 4/10
  3970 | D:4      | Reached skill level 1 in Maces & Flails
  4195 | D:4      | Found a basalt altar of Yredelemnul.
  4196 | D:4      | Found a radiant altar of Vehumet.
  4214 | D:4      | Noticed Pargi
  4228 | D:4      | Killed Pargi
  4229 | D:4      | Reached skill level 1 in Fighting
  4239 | D:4      | Noticed Pikel
  4256 | D:4      | Slain by Pikel

Illustrated notes

Levels and vault maps discovered:
D:1:      dpeg_arrival_pits, layout_basic,
          shapermc_ecumenical_altar_mp_highgroup, minmay_lizard_king
D:2:      layout_basic
D:3:      layout_basic, kennysheep_orc_sif_temple
D:4:      layout_loops_ring, mainiacjoe_overflow_catwalk_spiral,
          gammafunk_ghost_necromancy, kennysheep_generic_room_13,
          uniq_blork_the_orc, uniq_pargi, uniq_pikel, uniq_sigmund

Skill      XL: |  1  2  3  4  5  6 |
---------------+-------------------+-----
Conjurations   | 5 6 |  6.5
Dodging        | 2 |  2.5
Spellcasting   | 3 |  3.6
Maces & Flails | 1 |  1.8
Fighting       | 1 |  1.0
Stealth        | |  2.5

Action                   |  1- 3 |  4- 6 || total
-------------------------+-------+-------++-------
Melee: Spear             |    22 |       ||    22
       Mace              |     4 |    14 ||    18
       Flail             |       |    36 ||    36
 Cast: Magic Dart        |    62 |    72 ||   134
       Searing Ray       |     2 |     4 ||     6
Armor: Robe              |    11 |    32 ||    43
Dodge: Dodged            |    19 |    36 ||    55

Table legend: (Time is in decaauts)
 A = Elapsed time spent in this place.
 B = Non-inter-level travel time spent in this place.
 C = Inter-level travel time spent in this place.
 D = Time resting spent in this place.
 E = Time spent auto-exploring this place.
 F = Levels seen in this place.
 G = Mean time per level.
                   A        B        C        D        E       F      G
               +--------+--------+--------+--------+--------+-----+--------+
         Total |   4279 |   4120 |    159 |    196 |   3327 |   4 | 1069.8 |
       Dungeon |   4279 |   4120 |    159 |    196 |   3327 |   4 | 1069.8 |
               +--------+--------+--------+--------+--------+-----+--------+

Top non-repeatable levels by time:
     D:1: 1600 daAuts
     D:3: 1436 daAuts
     D:2: 911 daAuts
     D:4: 330 daAuts
